Map: Submarine LE

Players

A.I. 1 (Very Easy)

  • Race: Zerg Zerg
  • Spawn Location: 11:00

Drift - Winner!

  • Race: Terran Terran
  • League: Master
  • Spawn Location: 5:00

VOD

Have the link to the VOD?

Description

Time

  • Played on: Oct. 13, 2020, 11:45 p.m.
  • Length: 10:17
Show
View Real Time Build Order
Export as new Build Order

A.I. 1 (Very Easy) Zerg 

Build Orders: Pool First 

Get SALT Encoding   

  12  0:01  Drone  
  13  0:12  Overlord  
  13  0:16  Drone  
  14  0:34  Spawning Pool  
  13  0:37  Drone  
  13  0:41  Extractor  
  13  0:44  Drone  
  14  0:52  Overlord  
  14  1:21  Zergling x2  
  14  1:22  Queen  
  17  1:31  Roach Warren  
  16  1:33  Drone  
  16  1:35  Zergling x2  
  18  1:44  Drone  
  19  1:49  Zergling x2  
  20  1:55  Drone  
  21  2:05  Drone  
  22  2:16  Drone  
  23  2:27  Drone  
  23  2:29  Overlord  
  24  2:34  Drone  
  25  5:01  Drone  
  25  5:03  Extractor, Lair  
  25  5:08  Drone  
  26  5:16  Drone  
  27  5:23  Drone  
  27  5:24  Zergling x2  
  27  5:30  Drone  
  28  5:37  Drone  
  28  5:53  Zergling x2  
  29  6:02  Overseer x2  
  29  6:05  Spire  
  29  6:06  Drone  
  29  6:30  Drone, Hatchery  
  29  7:17  Mutalisk  
  31  7:43  Drone  
  32  7:50  Drone  
  33  7:53  Extractor  
  33  7:54  Extractor  
  33  7:58  Drone  
  32  8:05  Drone  
  33  8:12  Drone  
  34  8:19  Drone  
  35  8:26  Drone  
  36  8:33  Drone  
  37  8:35  Overlord  
  37  8:41  Drone  
  38  8:48  Drone  
  39  8:55  Drone  
  40  9:02  Drone  
  41  9:09  Drone  
  42  9:16  Drone  
  43  9:24  Drone  
  44  9:31  Drone  
  44  9:33  Zergling x2  
  44  9:35  Overlord  
  44  9:39  Drone  
  42  9:46  Drone  
  27  9:53  Drone  
  27  9:56  Overlord  
  27  9:58  Overseer  
Show
View Real Time Build Order
Export as new Build Order

Drift Terran - Winner!

Build Orders: Reaper Expand, Hellion Banshee 

Get SALT Encoding   

  12  0:00  SCV  
  13  0:12  SCV  
  14  0:16  Supply Depot  
  14  0:24  SCV  
  15  0:38  SCV  
  15  0:41  Barracks  
  16  0:44  Refinery  
  16  0:50  SCV  
  17  1:02  SCV  
  18  1:14  SCV  
  19  1:27  Orbital Command  
  19  1:28  Reaper  
  20  1:39  Command Center  
  20  1:50  Supply Depot  
  20  1:53  SCV  
  21  2:00  Marine  
  22  2:05  SCV  
  23  2:10  Factory  
  23  2:15  Refinery  
  23  2:17  SCV  
  23  2:22  Barracks Reactor  
  24  2:29  SCV  
  25  2:43  SCV  
  26  2:51  Orbital Command  
  26  2:55  Starport, SCV  
  27  3:05  Hellion x2  
  31  3:07  SCV, Barracks Tech Lab  
  31  3:12  Supply Depot  
  32  3:18  SCV  
  32  3:19  SCV  
  34  3:26  Hellion  
  36  3:27  Hellion  
  36  3:30  SCV  
  36  3:31  SCV  
  40  3:39  Cloaking Field  
  40  3:41  Banshee, Barracks Tech Lab  
  40  3:42  SCV  
  40  3:43  SCV  
  45  3:49  Hellion  
  45  3:52  Hellion  
  45  3:54  SCV  
  50  3:56  Supply Depot  
  50  3:57  SCV  
  51  4:03  Stimpack  
  51  4:06  SCV  
  51  4:09  SCV  
  53  4:18  SCV  
  53  4:21  Command Center, SCV  
  55  4:25  Factory Reactor  
  55  4:29  Supply Depot  
  55  4:31  Banshee, SCV  
  59  4:33  SCV  
  60  4:41  Barracks  
  60  4:43  Barracks, SCV  
  61  4:46  SCV  
  62  4:53  Engineering Bay  
  62  4:55  SCV  
  62  4:56  Engineering Bay  
  62  4:57  Marine  
  62  4:58  SCV  
  65  5:04  Refinery x2  
  65  5:07  SCV  
  65  5:10  SCV  
  65  5:12  Supply Depot  
  67  5:16  Marine  
  67  5:19  SCV  
  69  5:22  SCV  
  69  5:23  Terran Infantry Weapons Level 1, Terran Infantry Armor Level 1  
  69  5:25  Starport Reactor  
  70  5:32  Siege Tank, SCV, Marine x2  
  70  5:34  Marine  
  77  5:36  Orbital Command  
  77  5:37  SCV  
  77  5:41  Supply Depot, Marine x2  
  80  5:49  SCV  
  81  5:51  SCV  
  81  5:53  Barracks x2  
  81  5:54  Marine  
  81  5:55  Marine  
  81  5:56  Marine  
  85  6:00  Marine x2  
  85  6:01  SCV  
  85  6:03  Combat Shield, Orbital Command  
  88  6:05  Supply Depot  
  88  6:12  Medivac, Siege Tank, Marine  
  88  6:13  Medivac, Marine  
  97  6:20  Supply Depot  
  97  6:22  SCV  
  97  6:23  SCV  
  97  6:24  Armory, Marine  
  100  6:25  Marine  
  100  6:30  SCV, Marine  
  100  6:31  Marine  
  104  6:34  SCV  
  104  6:35  Supply Depot  
  104  6:36  SCV  
  106  6:40  Marine  
  106  6:41  Barracks Reactor  
  106  6:42  Marine  
  106  6:43  Barracks Reactor, Marine  
  109  6:48  Marine  
  109  6:53  Marine  
  111  6:54  Medivac, Siege Tank  
  111  6:57  SCV x2  
  111  6:58  Marine  
  120  7:02  Supply Depot  
  120  7:04  Supply Depot  
  120  7:11  Marine x2  
  120  7:13  Marine x2  
  123  7:15  Marine  
  123  7:20  Marine  
  123  7:21  Terran Infantry Armor Level 2, Terran Infantry Weapons Level 2  
  125  7:24  SCV, Marine x2  
  125  7:26  Supply Depot, Marine  
  125  7:27  Supply Depot x2  
  125  7:28  Marine  
  125  7:29  Marine  
  131  7:31  Marine x2  
  131  7:32  Siege Tank  
  136  7:38  Barracks  
  136  7:40  Barracks, Marine x2  
  136  7:41  Barracks  
  136  7:42  Medivac  
  140  7:47  Marine  
  140  7:48  Marine x5  
  140  7:50  Supply Depot  
  146  7:52  Supply Depot, Marine  
  146  7:56  Supply Depot  
  146  7:58  Medivac, Marine x2  
  149  8:05  Marine x2  
  151  8:11  Marine x4  
  151  8:12  Medivac  
  159  8:13  Siege Tank  
  159  8:16  Supply Depot  
  159  8:18  Supply Depot  
  162  8:20  Marine x3  
  162  8:23  Marine x2  
  162  8:26  Marine x2  
  169  8:28  Marine  
  169  8:29  Marine x4  
  174  8:37  Marine  
  174  8:38  Marine x2  
  174  8:41  Marine x2  
  177  8:44  Medivac, Marine x2  
  177  8:45  Siege Tank  
  177  8:46  Marine  
  177  8:47  Marine x4  
  177  8:48  Medivac  
  193  8:55  Marine  
  193  8:56  Marine x2  
  193  8:59  Marine x2  
  193  9:01  Marine  
  193  9:02  Marine  
  200  9:14  Barracks Tech Lab  
  200  9:17  Command Center  
  200  9:19  Barracks Tech Lab  
  200  9:20  Barracks Tech Lab  
  200  9:23  Refinery  
  200  9:24  Refinery  
  200  9:32  Factory  
  200  9:41  Barracks  
  200  9:42  Barracks  
  200  9:44  Command Center  
Tags
 
Add a new tag
Caveats
  • Supply blocks, unpowered buildings, or Contaminate may cause inaccurate times.
  • Supply counts are checked every 10 seconds.